 Dungeon Crawl Stone Soup version 0.18.1-8-gdd0e5ea (console) character file.

121 Kloppie the Skirmisher (level 4, 0/38 HPs)
             Began as a Draconian Skald on June 7, 2016.
             Slain by a gnoll
             ... wielding a +0 spear
              (2 damage)
             ... on level 2 of the Dungeon.
             The game lasted 00:04:31 (2637 turns).

Kloppie the Skirmisher (Draconian Skald)            Turns: 2637, Time: 00:04:32

Health: 0/38       AC:  5    Str: 14    XL:     4   Next: 77%
Magic:  0/7        EV: 12    Int: 13    God:
Gold:   66         SH:  0    Dex: 11    Spells: 1 memorised, 6 levels left

rFire  . . .     SeeInvis .     a - +0 hand axe
rCold  . . .     Gourm    .     (armour unavailable)
rNeg   . . .     Faith    .     (no shield)
rPois  .         Spirit   .     (helmet restricted)
rElec  .         Dismiss  .     (no cloak)
rCorr  .         Reflect  .     (no gloves)
SustAt .         Harm     .     (no boots)
MR     .....                    (no amulet)
Stlth  +.........               (no ring)
                                (no ring)

@: infused, not resistant to hostile enchantments, very unstealthy
A: unfitting armour, cold-blooded, AC +5
a: no special abilities


You were on level 2 of the Dungeon.
You were not hungry.

You visited 1 branch of the dungeon, and saw 3 of its levels.

You collected 66 gold pieces.

Inventory:

Hand Weapons
 a - a +0 hand axe (weapon)
Scrolls
 g - 2 scrolls of identify {unknown}
 h - 2 scrolls of teleportation {unknown}
 i - a scroll of remove curse {unknown}
 j - a scroll of recharging {unknown}
 k - a scroll of enchant weapon {unknown}
 o - 2 scrolls of enchant armour {unknown}
 q - a scroll of fear {unknown}
Potions
 d - 3 potions of curing
 e - a potion of ambrosia {unknown}
 l - a potion of might {unknown}
 p - a potion of beneficial mutation {unknown}
 r - a potion of mutation {unknown}
Books
 b - a book of Battle

   Spells                             Type                      Level
   a - Infusion                       Charms                       1
   b - Shroud of Golubria             Charms/Translocation         2
   c - Song of Slaying                Charms                       2
   d - Spectral Weapon                Hexes/Charms                 3
   e - Regeneration                   Charms/Necromancy            3
 s - a book of Geomancy

   Spells                             Type                      Level
   a - Sandblast                      Earth                        1
   b - Passwall                       Transmutation/Earth          2
   c - Stone Arrow                    Conjuration/Earth            3
   d - Petrify                        Transmutation/Earth          4
   e - Lee's Rapid Deconstruction     Earth                        5
Comestibles
 c - 4 bread rations
 m - 3 fruits
 n - a meat ration


   Skills:
 + Level 3.5 Fighting
 + Level 3.3 Axes
 + Level 2.8 Dodging
 - Level 2.0 Spellcasting
 - Level 2.6 Charms


You had 6 spell levels left.
You knew the following spells:

 Your Spells              Type           Power        Failure   Level  Hunger
a - Infusion              Chrm           #...         10%         1    ##.....


Dungeon Overview and Level Annotations

Branches:
Dungeon (3/15)

Altars:


Innate Abilities, Weirdness & Mutations

Your plain brown scales are hard (AC +5).
Your body does not fit into most forms of armour.
You are cold-blooded and may be slowed by cold attacks.


Message History

* * * LOW HITPOINT WARNING * * *
You hit the gnoll.
Your tail-slap misses the gnoll.
The gnoll is moderately wounded.
You hit the gnoll.
The gnoll is heavily wounded.
The gnoll hits you with a flail.
* * * LOW HITPOINT WARNING * * *
The gnoll hits you with a spear.
* * * LOW HITPOINT WARNING * * *
You hit the gnoll.
The gnoll is severely wounded.
You barely miss the gnoll.
The gnoll is heavily wounded.
The gnoll closely misses you. The gnoll barely misses you.
You hit the gnoll.
The gnoll is almost dead.
You completely miss the gnoll.
The gnoll is heavily wounded.
The gnoll hits you with a spear.
You die...

##### #.... #.###
################.#
#rg@g.>..........#
#.##################
#.# #..... #.#
########.#### #.#
#.....##.# #.#
#.###.##.# #.# #.#
#.##.## #.# #.#
#.....# #.# #.#
#.###.##


You could see 2 gnolls and a quokka.

Vanquished Creatures
  Terence (D:2)
  A gnoll (D:2)
  An adder (D:2)
  3 worms
  A giant gecko (D:2)
  4 orcs
  A ball python (D:3)
  4 giant cockroaches
  7 goblins
  12 hobgoblins
  4 jackals (D:1)
  9 kobolds
  2 quokkas
  3 bats
  A giant newt (D:1)
  5 rats
59 creatures vanquished.

Notes
Turn   | Place    | Note
--------------------------------------------------------------
     0 | D:1      | Kloppie the Draconian Skald began the quest for the Orb.
     0 | D:1      | Reached XP level 1. HP: 17/17 MP: 3/3
   195 | D:1      | Reached XP level 2. HP: 15/24 MP: 5/5
   837 | D:1      | Reached XP level 3. HP: 20/30 MP: 6/6
   886 | D:2      | Noticed Terence
   912 | D:2      | Killed Terence
  1207 | D:2      | Reached XP level 4. HP: 30/38 MP: 7/7
  2635 | D:2      | HP: 1/38 [gnoll/spear (3)]
  2637 | D:2      | Slain by a gnoll

Skill      XL: |  1  2  3 |
---------------+----------+-----
Dodging        | 2 |  2.8
Fighting       | 3 |  3.5
Axes           | 3 |  3.3
Spellcasting   | |  2.0
Charms         | |  2.6

Action                   |  1- 3 |  4- 6 || total
-------------------------+-------+-------++-------
Melee: Hand axe          |   154 |   103 ||   257
       Tailslap          |    17 |    12 ||    29
 Cast: Infusion          |     1 |     4 ||     5
  Eat: Chunk             |     1 |     5 ||     6
Armor: Skin              |    33 |    29 ||    62
Dodge: Dodged            |   113 |    73 ||   186
